 Dungeon Crawl Stone Soup version 0.19-a0-1932-g59670f6 (webtiles) character file.

44850 Goblin1989 the Impaler (level 14, -13/102 HPs)
             Began as a Merfolk Gladiator on Oct 25, 2016.
             Was a High Priest of Hepliaklqana.
             Killed from afar by an orc sorcerer (29 damage)
             ... with a bolt of negative energy
             ... on level 2 of the Orcish Mines.
             The game lasted 01:14:53 (21664 turns).

Goblin1989 the Impaler (Merfolk Gladiator)         Turns: 21664, Time: 01:14:54

Health: -13/102    AC: 10    Str: 24    XL:     14   Next: 30%
Magic:  15/15      EV: 15    Int:  7    God:    Hepliaklqana [*****.]
Gold:   1455       SH:  0    Dex: 24    Spells: 3 memorised, 3 levels left

rFire  . . .     SeeInvis +     b - +3 bardiche of Starshine {pain, Str+7}
rCold  . . .     Gourm    .     h - +2 troll leather armour
rNeg   . . .     Faith    .     (shield currently unavailable)
rPois  .         Spirit   .     c - +0 helmet
rElec  .         Reflect  .     p - +1 cloak
rCorr  .         Harm     .     l - +0 pair of gloves
MR     +....                    (no boots)
Stlth  ++........               r - amulet of regeneration
                                S - ring of Arrival {Dex+6 Slay+3}
                                s - ring of see invisible

@: about to teleport, very heavily drained
A: change form in water, swift swim, stealthy swim, reduced essence
a: Recall Ancestor, Ancestor Identity, Transference, Idealise, Renounce Religion


You were on level 2 of the Orcish Mines.
You worshipped Hepliaklqana.
Hepliaklqana was extremely pleased with you.
You were not hungry.

You visited 4 branches of the dungeon, and saw 20 of its levels.
You also visited: Trove.

You collected 1830 gold pieces.
You spent 375 gold pieces at shops.

Inventory:

Hand Weapons
 a - a +2 trident of draining
 b - the +3 bardiche of Starshine (weapon) {pain, Str+7}
   (You found it in a treasure trove)

   In the hands of one skilled in necromantic magic, it inflicts extra damage on
   living creatures.
   It affects your strength (+7).
Missiles
 z - 12 javelins (quivered)
 Z - 4 throwing nets {=f, !d}
Armour
 c - a +0 helmet (worn)
 h - a +2 troll leather armour (worn)
 l - a +0 pair of gloves (worn)
 p - a +1 cloak (worn)
 t - a +4 ring mail
Jewellery
 d - an uncursed ring of ice
 f - the ring of Seosef {MR+ AC+1 Int+2}
   (You found it in a treasure trove)

   [ring of protection]

   It affects your AC (+1).
   It affects your intelligence (+2).
   It affects your resistance to hostile enchantments.
 g - an uncursed ring of positive energy
 o - an uncursed ring of poison resistance
 r - an amulet of regeneration (around neck)
 s - a ring of see invisible (left hand)
 S - the ring of Arrival (right hand) {Dex+6 Slay+3}
   (You found it on level 4 of the Lair of Beasts)

   [ring of slaying]

   It affects your dexterity (+6).
   It affects your accuracy and damage with ranged weapons and melee attacks
   (+3).
Wands
 j - a wand of disintegration (9/24)
 A - a wand of acid (6/15)
 E - a wand of teleportation (2/9) {!v, @v4}
 K - a wand of digging (4/24)
 L - a wand of lightning (5/15)
 X - a wand of slowing (18/48)
Scrolls
 n - a scroll of silence {!r}
 q - 2 scrolls of magic mapping {unknown}
 u - 4 scrolls of fear
 v - 3 scrolls of fog
 w - 4 scrolls of immolation {!r}
 y - 3 scrolls of enchant weapon
 B - 3 scrolls of blinking
 C - 7 scrolls of remove curse {@r2}
 D - 2 scrolls of vulnerability {unknown}
 G - 2 scrolls of torment {unknown}
 Q - a scroll of random uselessness
 R - a scroll of noise {!r}
Potions
 k - 4 potions of brilliance
 m - a potion of cancellation
 H - 2 potions of agility
 I - 2 potions of cure mutation
 J - a potion of heal wounds {!q, @q2}
 M - a potion of might
 N - 4 potions of curing {@q1}
 O - 2 potions of flight
Books
 F - a book of Enchantments

   Spells                             Type                      Level
   a - Cause Fear                     Hexes                        4
   b - Yara's Violent Unravelling     Hexes/Transmutation          5
   c - Silence                        Hexes/Air                    5
   d - Deflect Missiles               Charms/Air                   6
   e - Discord                        Hexes                        8
Comestibles
 e - 9 bread rations {@e1}
 i - 6 chunks of flesh {@w0}
 x - 8 fruits
 U - 5 meat rations {@e2}
 V - 9 slices of pizza


   Skills:
 + Level 11.6(2.7) Fighting
 * Level 19.8(9.1) Polearms
 - Level 2.0(0.0) Throwing
 - Level 5.9(0.0) Armour
 + Level 13.6(4.3) Dodging
   Level 4.5(0.0) Shields
 * Level 8.4(0.2) Transmutations
 * Level 4.6(0.0) Earth Magic
 - Level 2.0(0.0) Invocations


You had 3 spell levels left.
You knew the following spells:

 Your Spells              Type           Power        Failure   Level  Hunger
a - Lesser Beckoning      Tloc           #.........   98%         3    ####...
o - Apportation           Tloc           #.........   56%         1    ##.....
Y - Statue Form           Tmut/Erth      #........    100%        6    #######


Dungeon Overview and Level Annotations

Branches:
Dungeon (11/15)            Temple (1/1) D:5            Lair (6/6) D:9
 Shoals (0/4) Lair:4        Snake (0/4) Lair:4        Slime (0/5) Lair:5
    Orc (2/2) D:9             Elf (0/3) Orc:2

Altars:
Ashenzari
Cheibriados
Dithmenos
Elyvilon
Fedhas
Gozag
Hepliaklqana
Kikubaaqudgha
Makhleb
Nemelex Xobeh
Okawaru
Qazlal
Trog
Uskayaw
Xom
Yredelemnul
The Shining One
Beogh
Jiyva

Shops:
D:4 (%   D:6 *   Orc:2 ![}

Annotations:
D:5 Dowan, Duvessa, Grinder


Message History

The orc sorcerer hits you with a dagger.
* * * LOW HITPOINT WARNING * * *
Ethelred hits the sixfirhy with a flail.
Unknown command.
Really read
T - a scroll of teleportation {!r, @r4}?
As you read the scroll of teleportation {!r, @r4}, it crumbles to dust.
You feel strangely unstable. The sixfirhy misses you.
The orc sorcerer points at you and mumbles some strange words.
The bolt of fire hits you!
* * * LOW HITPOINT WARNING * * *
Ethelred hits the sixfirhy with a flail!
The sixfirhy hits you.
* * * LOW HITPOINT WARNING * * *
The sixfirhy shocks you!
* * * LOW HITPOINT WARNING * * *
The orc sorcerer casts a spell at you.
The bolt of negative energy hits the sixfirhy.
The sixfirhy completely resists.
The bolt of negative energy hits you!
You feel drained.
You die...

█≈≈§≈≈§§≈...██...≈≈ ██...█.....
███8.§≈≈....)..8███ ███...██...█
██......§..8.█....⌂█≈§███...██..█
...)...§.....).....█.§█ █████....
..§≈≈...§≈≈.)█.....8.§█ ███..
.█████..≈█████.......█ ██.
..§≈≈...≈█████......██ ██
........≈█§≈≈......██ █
██......§█.....R@.██
§████)..≈█8...≈≈3o█
≈≈≈≈....≈█...██§oO█ §.).....≈█...
█§3.▲ )..).8..≈█8.. █§§.▲
§§§§§§..≈█.. █§O.▲ §≈§§§§..§█O
█§..█ ≈████)..≈█ ≈≈..█ ██...).§≈█


You could see the friendly Ethelred the knight, an ogre mage, 2 sixfirhies and 2
orc sorcerers.

Vanquished Creatures
  The ghost of mrath the Basher, a journeyman MiFi of Okawaru (Orc:2)
  A stone giant (Orc:2)
  Fannar (Lair:1)
  Erolcha (Orc:1)
  3 hydras
  The ghost of Zenonira the Cleaver, a journeyman FoFi of Cheibriados (Orc:1)
  An ogre mage (Orc:2)
  An orc high priest (Orc:1)
  2 orc knights
  2 orc sorcerers (Orc:2)
  Maurice (D:8)
  Joseph (D:8)
  Psyche (D:8)
  A black mamba (Lair:5)
  A centaur zombie (D:10)
  A gargoyle (D:10)
  7 spiny frogs
  2 rime drakes
  4 komodo dragons
  A polar bear (Lair:3)
  3 trolls
  A hornet (D:7)
  5 blink frogs
  5 dream sheep (Lair:5)
  13 hippogriffs
  2 hogs (D:7)
  Eustachio (D:5)
  32 yaks
  A human (D:7)
  7 wargs
  10 porcupines
  10 water moccasins
  15 orc warriors
  3 black bears
  10 ogres
  9 wolves (Lair:5)
  6 centaurs
  14 crocodiles
  A big kobold (D:7)
  12 bullfrogs
  3 scorpions
  2 electric eels
  A wight (D:10)
  4 howler monkeys
  A crimson imp (D:6)
  A quasit (D:7)
  3 bullfrog zombies
  4 hounds
  A gnoll shaman (D:6)
  16 orc priests
  2 jellies
  21 orc wizards
  5 iguanas
  9 worker ants
  Terence (D:3)
  A hound zombie (D:7)
  A hound skeleton (D:7)
  2 worker ant zombies
  18 gnolls
  10 adders
  2 shadow imps
  An ooze (D:3)
  2 adder zombies
  4 worms
  A dart slug (D:1)
  14 leopard geckos
  53 orcs
  3 giant cockroaches
  12 goblins
  7 hobgoblins
  8 jackals
  6 quokkas
  2 ball pythons
  2 bats
  3 frilled lizards
  A jackal skeleton (D:6)
  14 kobolds
  A leopard gecko skeleton (D:7)
  7 rats
  A fungus (Lair:6)
444 creatures vanquished.

Vanquished Creatures (collateral kills)
  A hydra (Lair:4)
  Erica (D:9)
  2 orc sorcerers (Orc:2)
  A centaur zombie (D:10)
  A black mamba (Lair:2)
  4 spiny frogs
  A komodo dragon (Lair:5)
  A troll (Orc:1)
  5 blink frogs
  3 hippogriffs
  2 dream sheep (Lair:5)
  A wraith (D:10)
  3 yaks
  3 nagas (Lair:4)
  4 water moccasins
  A phantom (D:10)
  2 orc warriors (Orc:2)
  A black bear (D:10)
  A centaur (D:11)
  An ogre (Orc:2)
  5 crocodiles
  2 bullfrogs
  3 wights (D:10)
  A crimson imp (D:10)
  2 orc priests
  4 orc wizards
  An iguana (Lair:5)
  2 leopard geckos (Lair:5)
  10 orcs
  A quokka (D:8)
  5 frilled lizards (Lair:5)
75 creatures vanquished.

Vanquished Creatures (others)
  A centaur (D:10)
  4 ancestors
  10 knights
  7 fungi
  3 plants (Lair:2)
25 creatures vanquished.

Grand Total: 544 creatures vanquished

Notes
Turn   | Place    | Note
-------+----------+-------------------------------------------
     0 | D:1      | Goblin1989 the Merfolk Gladiator began the quest for the Orb.
     0 | D:1      | Reached XP level 1. HP: 16/16 MP: 1/1
   128 | D:1      | Reached skill level 5 in Polearms
   128 | D:1      | Reached XP level 2. HP: 18/22 MP: 2/2
   805 | D:2      | Reached skill level 6 in Polearms
   805 | D:2      | Reached XP level 3. HP: 12/27 MP: 3/3
  1380 | D:2      | Reached XP level 4. HP: 33/33 MP: 4/4
  1391 | D:2      | Reached skill level 7 in Polearms
  1738 | D:2      | Found a sparkling altar of Nemelex Xobeh.
  1791 | D:2      | Found an ancient bone altar of Kikubaaqudgha.
  1791 | D:2      | Found a shimmering altar of Xom.
  2202 | D:3      | Noticed Terence
  2222 | D:3      | Killed Terence
  2222 | D:3      | Reached skill level 8 in Polearms
  2222 | D:3      | Reached XP level 5. HP: 34/38 MP: 5/5
  2499 | D:3      | Reached skill level 9 in Polearms
  2646 | D:4      | Found Ypawnof's Weapon Shop.
  2722 | D:4      | Reached XP level 6. HP: 41/44 MP: 6/6
  2759 | D:4      | Found Kunueqar's Food Emporium.
  2789 | D:4      | Found a snail-covered altar of Cheibriados.
  2975 | D:4      | Reached skill level 10 in Polearms
  3230 | D:4      | Reached XP level 7. HP: 37/51 MP: 7/7
  3795 | D:4      | Found a glowing golden altar of the Shining One.
  3854 | D:4      | Reached skill level 11 in Polearms
  3900 | D:5      | Entered Level 5 of the Dungeon
  3949 | D:5      | Reached skill level 5 in Dodging
  4040 | D:5      | Noticed Grinder
  4210 | D:6      | Reached XP level 8. HP: 52/60 MP: 8/8
  4279 | D:6      | Found a shattered altar of Ashenzari.
  4360 | D:6      | Reached skill level 12 in Polearms
  4489 | D:6      | Found a white marble altar of Elyvilon.
  4710 | D:6      | Found Yty Corph's Assorted Antiques.
  4722 | D:6      | Bought a scroll of identify for 40 gold pieces
  4722 | D:6      | Bought 2 scrolls of identify for 80 gold pieces
  4939 | D:7      | Noticed a hippogriff
  5379 | D:7      | Killed a hippogriff
  5379 | D:7      | Reached skill level 5 in Fighting
  5379 | D:7      | Reached skill level 13 in Polearms
  5408 | D:7      | Reached XP level 9. HP: 43/68 MP: 9/9
  5815 | D:7      | Found a sparkling altar of Nemelex Xobeh.
  6281 | D:7      | Reached skill level 14 in Polearms
  7037 | D:7      | Reached skill level 15 in Polearms
  7037 | D:7      | Reached XP level 10. HP: 72/79 MP: 10/10
  7078 | D:5      | Found an iron altar of Okawaru.
  7092 | D:5      | Noticed Eustachio
  7115 | D:5      | Killed Eustachio
  7251 | D:5      | Found a staircase to the Ecumenical Temple.
  7255 | Temple   | Entered the Ecumenical Temple
  7296 | Temple   | Became a worshipper of Hepliaklqana the Forgotten
  7385 | D:5      | Noticed Duvessa
  7385 | D:5      | Noticed Dowan
  7392 | D:5      | You fall through a shaft!
  7446 | D:8      | Noticed Psyche
  7679 | D:8      | Killed Psyche
  7680 | D:8      | Noticed Maurice
  7688 | D:8      | Noticed Joseph
  7712 | D:8      | Killed Joseph
  7712 | D:8      | Reached skill level 16 in Polearms
  7736 | D:8      | Killed Maurice
  8070 | D:8      | Found a stormy altar of Qazlal.
  8146 | D:8      | Reached * piety under Hepliaklqana
  8319 | D:8      | Reached skill level 10 in Dodging
  8345 | D:8      | Found a blossoming altar of Fedhas.
  8464 | D:9      | Found a staircase to the Lair.
  8505 | D:9      | Noticed Erica
  8518 | D:9      | Killed Erica
  8518 | D:9      | Reached skill level 1 in Armour
  8518 | D:9      | Reached skill level 1 in Shields
  8758 | D:9      | Reached XP level 11. HP: 56/78 MP: 11/11
  8894 | D:9      | Found a staircase to the Orcish Mines.
 10453 | D:10     | Entered Level 10 of the Dungeon
 10827 | D:10     | Reached ** piety under Hepliaklqana
 10828 | D:10     | Remembered your ancestor Ethelred as a knight
 11678 | D:10     | Found a portal to a secret trove of treasure.
 11779 | Trove    | Entered a treasure trove
 11797 | Trove    | Got an encrusted bardiche
 11816 | Trove    | Got a vibrating pewter ring
 11880 | D:10     | Identified the +3 bardiche of Starshine {pain, Str+7} (You found it in a treasure trove)
 11974 | D:10     | Identified the ring of Seosef {MR+ AC+1 Int+2} (You found it in a treasure trove)
 12160 | D:11     | Noticed a seven-headed hydra
 12173 | D:11     | Noticed a tengu warrior
 12292 | Orc:1    | Entered Level 1 of the Orcish Mines
 12295 | Orc:1    | Noticed Erolcha
 12307 | Orc:1    | Killed Erolcha
 12307 | Orc:1    | Reached skill level 5 in Armour
 12506 | Orc:1    | You fall through a shaft!
 12506 | Orc:2    | Entered Level 2 of the Orcish Mines
 12571 | Orc:2    | Reached XP level 12. HP: 73/87 MP: 7/12
 12664 | Orc:2    | Found a bloodstained altar of Trog.
 12677 | Orc:2    | Found Xaofed's Gadget Emporium.
 12816 | Orc:2    | Noticed a stone giant
 13190 | Lair:1   | Entered Level 1 of the Lair of Beasts
 13363 | Lair:1   | Reached skill level 17 in Polearms
 13376 | Lair:1   | Noticed Fannar
 13398 | Lair:1   | Killed Fannar
 13398 | Lair:1   | Reached skill level 10 in Fighting
 14811 | Lair:2   | Reached *** piety under Hepliaklqana
 15170 | Lair:2   | Learned a level 6 spell: Statue Form
 15322 | Lair:2   | Reached skill level 18 in Polearms
 15656 | Lair:2   | Reached skill level 1 in Transmutations
 15691 | Lair:2   | Noticed a six-headed hydra
 15704 | Lair:2   | Killed a six-headed hydra
 16152 | Lair:3   | Reached XP level 13. HP: 77/93 MP: 10/13
 16606 | Lair:3   | Reached **** piety under Hepliaklqana
 16611 | Lair:3   | Reached skill level 1 in Earth Magic
 16826 | Lair:4   | Learned a level 1 spell: Apportation
 16830 | Lair:4   | Learned a level 3 spell: Lesser Beckoning
 17053 | Lair:4   | Found a staircase to the Shoals.
 17318 | Lair:4   | Found a staircase to the Snake Pit.
 17418 | Lair:4   | Reached ***** piety under Hepliaklqana
 17996 | Lair:4   | Got a sparkling bronze ring
 17998 | Lair:4   | Identified the ring of Arrival {Dex+6 Slay+3} (You found it on level 4 of the Lair of Beasts)
 18075 | Lair:5   | Reached skill level 1 in Invocations
 18079 | Lair:5   | Reached skill level 5 in Transmutations
 18631 | Lair:5   | Reached skill level 19 in Polearms
 18737 | Lair:5   | Upgraded the game from 0.19-a0-1922-g1e9a4c1 to 0.19-a0-1932-g59670f6
 19085 | Lair:5   | Found a viscous altar of Jiyva.
 19085 | Lair:5   | Found a staircase to the Slime Pits.
 19662 | Lair:6   | Entered Level 6 of the Lair of Beasts
 20109 | Orc:2    | Killed a stone giant
 20197 | Orc:2    | Noticed mrath's ghost (journeyman MiFi)
 20216 | Orc:1    | Noticed Zenonira's ghost (journeyman FoFi)
 20223 | Orc:1    | Found a roughly hewn altar of Beogh.
 20238 | Orc:1    | HP: 4/95 [soul eater/drain life[an orc high priest] (14)]
 20319 | Orc:1    | Killed Zenonira's ghost
 20319 | Orc:1    | Reached XP level 14. HP: 48/101 MP: 15/15
 21265 | Orc:2    | Killed mrath's ghost
 21365 | Orc:2    | Found a staircase to the Elven Halls.
 21580 | Orc:2    | Found Rut Icha's Antique Armour Shoppe.
 21605 | Orc:2    | Found Efafo's Distillery.
 21612 | Orc:2    | Bought a potion of cancellation for 120 gold pieces
 21612 | Orc:2    | Bought a potion of heal wounds for 75 gold pieces
 21612 | Orc:2    | Bought a potion of might for 60 gold pieces
 21630 | Orc:2    | Found an ancient bone altar of Kikubaaqudgha.
 21631 | Orc:2    | Paralysed by an orc sorcerer for 6 turns
 21664 | Orc:2    | Killed from afar by an orc sorcerer

Vault maps used:
D:1:      dpeg_arrival_three_smaller_balls
D:2:      amethyst_overflow_temple_binary, nemelex_lonely_heart_becter
D:3:      first_bread, minmay_surrounded, uniq_terence
D:4:      marbit_many_paths, cheibriados_altar_wand_db, serial_shops,
          nicolae_shop_temple_entry_statues_fountains, shop
D:5:      kennysheep_mini, uniq_eustachio, uniq_grinder, uniq_duvessa
D:6:      cheibrodos_ashenzari_chains, elyvilon_altar_4, serial_shops,
          nicolae_shop_trees
D:7:      nemelex_xobeh_ov_fountains_minmay, eino_small_chamber_without_monster,
          grunt_livestock
D:8:      lemuel_crystal_altar, old_standard_altar, uniq_joseph, uniq_maurice,
          uniq_psyche
D:9:      erik_lair_orcish_takeover, david_orc_3, uniq_erica
D:10:     nicolae_trove_entry_crystal
Temple:   bh_familiar_temple
Lair:1:   st_stairs_9, lemuel_fruit_tree, grunt_megastairs_5,
          bh_autumn_forest_stairs, uniq_fannar
Lair:2:   serial_bayou_pond_b, infiniplex_staircase_pool
Lair:3:   grunt_megastairs_1
Lair:4:   elwin_shoals_entry_rocks, minmay_snake_entry_guardpost_small
Lair:5:   lemuel_reptile_caves, dpeg_slime_entry_enclosed_altar
Lair:6:   evilmike_catoblepas_cave
Orc:1:    bh_open_orc_temple, uniq_erolcha
Orc:2:    kennysheep_orc_mage_school, serial_shops, shop_coins, bloody_trog
Trove:    trove_garden

Skill      XL: |  1  2  3  4  5  6  7  8  9 10 11 12 13 14 |
---------------+-------------------------------------------+-----
Polearms       | 5 6 8 9 10 11 13 15 16 18 19 | 19.8
Fighting       | 3 5 7 8 9 10 11 | 11.6
Dodging        | 5 7 8 10 11 12 13 | 13.6
Armour         | 2 5 |  5.9
Shields        | 2 4 |  4.5
Transmutations | 2 7 8 |  8.4
Earth Magic    | 4 |  4.6
Invocations    | 2 |  2.0
Throwing       | |  2.0

Action                   |  1- 3 |  4- 6 |  7- 9 | 10-12 | 13-15 || total
-------------------------+-------+-------+-------+-------+-------++-------
Melee: Trident           |   123 |   209 |   196 |   416 |    17 ||   961
       Halberd           |       |       |   252 |   121 |       ||   373
       Bardiche          |       |       |       |   243 |   441 ||   684
       Tailslap          |       |       |       |       |     2 ||     2
Throw: Javelin           |       |       |       |       |     1 ||     1
Invok: Recall Ancestor   |       |       |       |     7 |     3 ||    10
       Ancestor Identity |       |       |       |     1 |       ||     1
       Ancestor Life: Kn |       |       |       |     1 |       ||     1
       Idealise          |       |       |       |       |     1 ||     1
Evoke: Wand              |       |       |     2 |     1 |     5 ||     8
  Use: Scroll            |       |       |     9 |     6 |    16 ||    31
       Potion            |       |       |     2 |     7 |     4 ||    13
 Stab: Sleeping          |     2 |     6 |     2 |       |       ||    10
       Invisible         |       |       |     7 |       |       ||     7
       Distracted        |       |       |       |     8 |     7 ||    15
  Eat: Chunk             |     1 |     7 |     7 |    25 |    15 ||    55
       Meat ration       |       |       |     1 |       |       ||     1
       Beef jerky        |       |       |       |     2 |     2 ||     4
       Royal jelly       |       |       |       |     1 |       ||     1
Armor: Leather armour    |     5 |       |       |       |       ||     5
       Ring mail         |    31 |    38 |    81 |    18 |    24 ||   192
       Scale mail        |       |       |       |    94 |    27 ||   121
       Troll leather arm |       |       |       |       |    31 ||    31
Dodge: Dodged            |    48 |    91 |   297 |   309 |   414 ||  1159
Block: Shield            |       |       |       |   120 |       ||   120
       Reflection        |       |       |       |    23 |       ||    23

Vault maps used:
D:1:      dpeg_arrival_three_smaller_balls
D:2:      amethyst_overflow_temple_binary, nemelex_lonely_heart_becter
D:3:      first_bread, minmay_surrounded, uniq_terence
D:4:      marbit_many_paths, cheibriados_altar_wand_db, serial_shops,
          nicolae_shop_temple_entry_statues_fountains, shop
D:5:      kennysheep_mini, uniq_eustachio, uniq_grinder, uniq_duvessa
D:6:      cheibrodos_ashenzari_chains, elyvilon_altar_4, serial_shops,
          nicolae_shop_trees
D:7:      nemelex_xobeh_ov_fountains_minmay, eino_small_chamber_without_monster,
          grunt_livestock
D:8:      lemuel_crystal_altar, old_standard_altar, uniq_joseph, uniq_maurice,
          uniq_psyche
D:9:      erik_lair_orcish_takeover, david_orc_3, uniq_erica
D:10:     nicolae_trove_entry_crystal
Temple:   bh_familiar_temple
Lair:1:   st_stairs_9, lemuel_fruit_tree, grunt_megastairs_5,
          bh_autumn_forest_stairs, uniq_fannar
Lair:2:   serial_bayou_pond_b, infiniplex_staircase_pool
Lair:3:   grunt_megastairs_1
Lair:4:   elwin_shoals_entry_rocks, minmay_snake_entry_guardpost_small
Lair:5:   lemuel_reptile_caves, dpeg_slime_entry_enclosed_altar
Lair:6:   evilmike_catoblepas_cave
Orc:1:    bh_open_orc_temple, uniq_erolcha
Orc:2:    kennysheep_orc_mage_school, serial_shops, shop_coins, bloody_trog
Trove:    trove_garden
